AoeStats
← oMg

MegaRandom

506663228Analyzed
4v4 RM · 1mo ago on Sep 14, 2026· 35m 14s· 8 players
Game mode
Random Map
Map size
Large (8 player)
Population
200
Speed
Normal
Resources
Standard
Victory
Conquest
Starting age
Dark Age
Ending age
Imperial Age
RankedLock teamsTeams togetherTeam positionsShared explorationLock speedFull tech treeHidden civsTurbo modeCheats
Victory
Defeat
🇦🇷 Lithuanians · Argentina
1142
+14
🇭🇰 Ethiopians · Hong Kong SAR China
1075
+17
🇨🇳 Britons · China
1064
+16
🇨🇳 Burgundians · China
1063
+17
vs
🇬🇧 Celts · United Kingdom
1096
-16
🇪🇸 Bohemians · Spain
1090
-16
🇨🇳 Jurchens · China
1089
-16
🇨🇿 Teutons · Czechia
1077
-16
DentedOrca58204
5:15 Loom
10:54 Feudal Age
17:06 Castle Age
15:40 Double-Bit Axe
23:44 Ballistics
26:27 Scale Mail Armor
26:37 Forging
26:35 Pikeman
Panzerfaust
11:01 Feudal Age
9:36 Loom
11:36 Double-Bit Axe
11:42 Horse Collar
17:36 Fletching
19:50 Castle Age
20:27 Padded Archer Armor
20:14 Pikeman
20:54 Bodkin Arrow
20:59 Scale Mail Armor
21:10 Forging
24:27 Leather Archer Armor
23:46 Elite Skirmisher
00_00
5:17 Loom
12:42 Feudal Age
14:26 Horse Collar
20:03 Castle Age
18:20 Double-Bit Axe
19:55 Forging
20:50 Elite Skirmisher
22:37 Fletching
23:40 Padded Archer Armor
24:31 Sanctity
25:13 Fervor
25:56 Pikeman
33:21 Imperial Age
Hakka
2:11 Loom
10:42 Feudal Age
11:21 Double-Bit Axe
12:24 Horse Collar
19:44 Castle Age
19:11 Gold Mining
19:45 Padded Archer Armor
21:08 Wheelbarrow
20:45 Bow Saw
20:57 Heavy Plow
21:04 Town Watch
22:59 Leather Archer Armor
23:23 Fletching
32:23 Ballistics
oMg
10:40 Feudal Age
12:41 Loom
15:08 Castle Age
14:07 Double-Bit Axe
16:47 Scale Barding Armor
16:53 Forging
19:08 Bloodlines
20:06 Husbandry
23:31 Wheelbarrow
27:10 Chain Barding Armor
28:41 Iron Casting
32:29 Imperial Age
32:40 Cavalier
34:00 Plate Barding Armor
34:23 Conscription
34:46 Horse Collar
等雨停
4:27 Double-Bit Axe
6:21 Horse Collar
7:32 Gold Mining
12:14 Wheelbarrow
11:43 Loom
14:05 Feudal Age
15:35 Heavy Plow
15:46 Bow Saw
16:13 Gold Shaft Mining
19:21 Castle Age
19:19 Scale Barding Armor
19:25 Cavalier
20:07 Husbandry
21:54 Chain Barding Armor
21:52 Forging
23:26 Loom
27:08 Iron Casting
惊鸿
10:11 Feudal Age
9:33 Loom
14:19 Castle Age
12:22 Double-Bit Axe
12:20 Horse Collar
16:16 Bow Saw
18:56 Gold Mining
20:31 Fletching
21:37 Padded Archer Armor
22:13 Ballistics
23:14 Town Watch
24:36 Bodkin Arrow
26:39 Leather Archer Armor
27:47 Gold Shaft Mining
30:12 Wheelbarrow
30:49 Heavy Plow
DZZZ
1:29 Loom
11:53 Feudal Age
12:47 Double-Bit Axe
16:54 Castle Age
15:46 Padded Archer Armor
16:03 Horse Collar
17:16 Crossbowman
18:20 Town Watch
26:18 Fletching
26:44 Leather Archer Armor
31:26 Wheelbarrow
32:06 Squires
32:51 Forging
32:42 Scale Mail Armor
33:49 Bow Saw
Connection lost

Rejoining the realm…

Still unreachable

The connection could not be restored.

Session expired

The server has moved on; the page needs a fresh start.